 Dungeon Crawl Stone Soup version 0.31.0-9-g3a7656b989 (webtiles) character file.

Game seed: 17751545363734558618

171 James the Ruffian (level 5, -12/36 HPs)
             Began as an Octopode Shapeshifter on Jan 28, 2024.
             Killed by an exploding quokka (46 damage)
             ... ignited by their inner flame
             ... on level 3 of the Dungeon.
             The game lasted 00:08:59 (2888 turns).

James the Ruffian (Octopode Shapeshifter)           Turns: 2888, Time: 00:09:00

Health: -12/36     AC:  1    Str: 15    XL:     5   Next: 51%
Magic:  5/5        EV: 13    Int: 13    God:
Gold:   163        SH:  0    Dex: 11    Spells: 4/4 levels left

rFire   . .          .
                       - Unarmed
rCold   . . .        (no shield)
rNeg    . . .        (helmet currently unavailable)
rPois   .            (no amulet)
rElec   .            d - ring of flight
rCorr   .            (no ring)
SInv    .            (no ring)
Will    .....        (no ring)
Stlth   ++           (no ring)
HPRegen 0.26/turn    (no ring)
MPRegen 0.09/turn    (no ring)
                     (no ring)

%: no passive effects
@: beast-form, flying
A: beast (slay +1), almost no armour, amphibious, 8 rings, camouflage 1,
gelatinous body 1, (nimble swimmer 1), tentacles
a: Begin Untransformation


You were on level 3 of the Dungeon.
You were a hulking beast.
You visited 1 branch of the dungeon, and saw 4 of its levels.

You collected 163 gold pieces.

Inventory:

Hand Weapons
 b - a +0 sling of freezing
   (You took it off a goblin on level 1 of the Dungeon)
 h - a +1 dagger of venom
   (You took it off a goblin on level 1 of the Dungeon)
 i - a +1 dagger of venom
   (You took it off a goblin on level 1 of the Dungeon)
 l - a +0 spear
   (You found it on level 1 of the Dungeon)
 t - a +0 trident
   (You found it on level 3 of the Dungeon)
Missiles
 n - 24 stones (quivered)
Jewellery
 d - a ring of flight (left tentacle)
   (You found it on level 1 of the Dungeon)
Talismans
 c - a flux talisman
 m - a beast talisman
Scrolls
 f - a scroll of torment {unknown}
 o - 2 scrolls of amnesia {unknown}
 p - 3 scrolls of identify {@r1}
 r - a scroll of revelation {unknown}
 u - a scroll of immolation {!r}
Potions
 a - 3 potions of lignification {!q}
 e - a potion of ambrosia {unknown}
 g - 2 potions of brilliance {unknown}
 j - 2 potions of heal wounds {unknown}
 k - a potion of cancellation {unknown}
 q - 2 potions of curing {@q1}
 s - a potion of resistance {unknown}


   Skills:
 - Level 3.0 Fighting
 - Level 2.0 Dodging
 - Level 5.0 Unarmed Combat
 + Level 3.3 Shapeshifting


You had 4 spell levels left.
You didn't know any spells.
Your spell library contained the following spells:

 Spells                   Type           Power      Damage    Failure   Level
 Summon Small Mammal      Summ           0%         N/A       30%         1
 Call Canine Familiar     Summ           0%         N/A       67%         3
 Summon Blazeheart Golem  Fire/Summ      0%         N/A       97%         4


Dungeon Overview and Level Annotations

Branches:
Dungeon (4/15)
 Temple: D:4-7

Altars:
Hepliaklqana
Okawaru
Zin


Innate Abilities, Weirdness & Mutations

You are a hulking beast.
Your limbs bulge with bestial killing power. (Slay +1)
You cannot wear most types of armour.
You are amphibious.
You can wear up to eight rings at the same time.
Your skin changes colour to match your surroundings (Stealth+).
Your rubbery body absorbs attacks. (AC +1, EV +1)
((You are camouflaged when in or above water. (Stealth+)))
You have tentacles for arms and can constrict up to eight enemies at once.


Message History

Items here: ))) [[ ††.
Okay, then.
You start resting.
You see here a +0 short sword.
You now have 163 gold pieces (gained 10).
Unknown command.
The ogre shouts!
The ogre barely misses you.
The ogre hits you with a +0 giant spiked club!
There is a stone staircase leading up here.
You fly upwards.
There is a stone staircase leading down here.
There is an open door here.
There is an open door here.
There is a stone staircase leading down here.
Unknown command.
You start resting.
You fly downwards.
There is a stone staircase leading up here.
There is a stone staircase leading down here.
You fly downwards.
You hear the sound of rushing water.
There is an entrance to a sewer on this level.
Hurry and find it before the portal rusts away!
Found a leather armour.
There is a stone staircase leading up here.
As you read the scroll labelled UHUIN ZOUM, it crumbles to dust.
It is a scroll of identify.
q - 2 potions of curing
As you read the scroll labelled BYCZY FOKUKKAST, it crumbles to dust.
The creatures around you are filled with an inner flame!
It was a scroll of immolation.
You fly upwards.
There is a stone staircase leading down here.
You fly downwards.
You hear the sound of rushing water.
There is an entrance to a sewer on this level.
Hurry and find it before the portal rusts away!
The quokka completely misses you.
There is a stone staircase leading up here.
The quokka closely misses you.
You fly upwards.
There is a stone staircase leading down here.
The quokka bites you. The quokka attacks as it pursues you!
The quokka barely misses you. The quokka bites you.
The quokka attacks as it pursues you! The quokka misses you.
You bludgeon the quokka!
The quokka explodes!
The fiery explosion engulfs you!!!
Ouch! That really hurt!
You die...

###.### #.##...###.# #.#
#.#..#..##.# ###.#
#...###.#..# ....#
###..#..#..# ###.#
######...##..# #.#
#...>##.###<.# #.#
#.##.##.###..##### #.#
#.##.............#
###########
#h#####.###.####.#
...###....## #.# #.# #.# #.#
..#.#.#....# #.# #.# #.# #.#
.#..#..#...#####.# #.# #.#
#.# #...#...#......#.# #.#
#.# #.# .................#
#.# #.# #.#
...#.#..†#...###.#####.###.#
#.#
..#...#..#..#....#......##.#
#.#
.#.....#.#.#..####.####.##.#
#.#


There were no monsters in sight!

Vanquished Creatures
  An orc wizard (D:3)
  7 adders
  A dart slug (D:1)
  7 orcs
  6 ball pythons
  8 bats (D:3)
  5 endoplasms
  A giant cockroach (D:2)
  7 hobgoblins
  4 jackals (D:1)
  4 quokkas
  5 frilled lizards
  5 goblins (D:1)
  12 kobolds
  4 rats
77 creatures vanquished.

Notes
Turn   | Place    | Note
-------+----------+-------------------------------------------
     0 | D:1      | James the Octopode Shapeshifter began the quest for the
                  | Orb.
     0 | D:1      | Reached XP level 1. HP: 13/13 MP: 1/1
   157 | D:1      | Reached XP level 2. HP: 19/19 MP: 2/2
   470 | D:1      | Reached XP level 3. HP: 25/25 MP: 3/3
  1096 | D:2      | Reached XP level 4. HP: 31/31 MP: 4/4
  1228 | D:2      | Reached skill level 4 in Unarmed Combat
  1542 | D:2      | Found a glowing silver altar of Zin.
  1672 | D:2      | Found a faded altar of an unknown god.
  1959 | D:3      | Reached XP level 5. HP: 36/36 MP: 5/5
  2210 | D:3      | Noticed an ogre
  2430 | D:3      | Found a hazy altar of Hepliaklqana.
  2732 | D:3      | Found an iron altar of Okawaru.
  2764 | D:3      | Reached skill level 5 in Unarmed Combat
  2888 | D:3      | Killed by an exploding quokka... ignited by their inner
                  | flame

Illustrated notes

Levels and vault maps discovered:
D:1:      lightli_arrival_farm, layout_basic, minivault_26, minmay_3d_cube
D:2:      layout_basic, basic_altar, shapermc_ecumenical_altar_ellora,
          dk_noncrumbling_4, wad_orctagon
D:3:      layout_loops_ring, okawaru_trees_1, worldfamousw_hep_ancestral_shrine,
          amcnicky_mini_corridor_feature, hangedman_decor_diamond_cutter,
          roderic_batcave, kennysheep_generic_room_9
D:4:      layout_rooms, mainiacjoe_overflow_chevrons,
          cheibrodos_sewer_entry_bend, nicolae_zen_rock_garden

Skill      XL: |  1  2  3  4  5 |
---------------+----------------+-----
Fighting       | 2 3 |  3.0
Unarmed Combat | 4 5 |  5.0
Dodging        | |  2.0
Shapeshifting  | |  3.3

Action                     |  1- 3 |  4- 6 || total
---------------------------+-------+-------++-------
  Melee: Unarmed           |    68 |    71 ||   139
         Constrict         |    21 |    20 ||    41
         Tentacles         |     9 |    12 ||    21
         Punch             |     1 |     4 ||     5
  Throw: Stone             |       |     2 ||     2
    Use: Scroll            |       |     2 ||     2
   Stab: Sleeping          |     8 |     5 ||    13
         Distracted        |     1 |       ||     1
 Armour: Skin              |    23 |    39 ||    62
  Dodge: Dodged            |    26 |    54 ||    80
